 Dungeon Crawl Stone Soup version 0.27-a0-277-g024f7ef292 (webtiles) character file.

Game seed: 17028731948370539194

15206 puppykicker the Fencer (level 12, -19/83 HPs)
             Began as a Barachi Ice Elementalist on Feb 5, 2021.
             Was a Priest of Wu Jian.
             Engulfed by a cloud of freezing vapour (24 damage)
             ... in a Gauntlet.
             The game lasted 01:00:40 (12971 turns).

puppykicker the Fencer (Barachi Ice Elementalist)  Turns: 12971, Time: 01:00:41

Health: -19/83     AC: 18    Str: 22    XL:     12   Next: 24%
Magic:  8/16       EV: 12    Int: 15    God:    Wu Jian [***...]
Gold:   316        SH:  0    Dex: 16    Spells: 2/17 levels left

rFire    . . .     SeeInvis +   a - +5 great sword (freeze)
rCold    . . .     Faith    .   (shield currently unavailable)
rNeg     + . .     Spirit   .   G - +2 ring mail {rPois} {rPois}
rPois    +         Reflect  .   S - +0 helmet
rElec    .         Harm     .   L - +2 cloak
rCorr    .         Rampage  .   J - +0 pair of gloves
Will     .....     NoTele   +   k - +0 pair of boots
Stlth    ++........             V - amulet "Tukud" {rN+ Regen+ Str+4 Stlth+}
HPRegen  0.63/turn              H - +6 ring of strength
MPRegen  0.15/turn              m - ring of Uvom {AC+4 SInv}

@: can't hop, slow
A: +LOS, swims, slowness 1, strong legs 1
a: Hop, Renounce Religion, Wall Jump, Serpent's Lash


You were in a Gauntlet.
You worshipped Wu Jian.
Wu Jian was most pleased with you.
You visited 2 branches of the dungeon, and saw 13 of its levels.
You also visited: Sewer and Gauntlet.

You collected 690 gold pieces.
You spent 374 gold pieces at shops.

Inventory:

Hand Weapons
 a - a +5 great sword of freezing (weapon)
 b - a +0 hand crossbow
 i - a cursed -2 shortbow
Missiles
 o - 4 curare-tipped darts
 B - 7 atropa-tipped darts
 O - a throwing net
 Q - 136 arrows
 T - 2 javelins (quivered)
 Z - 78 bolts
Armour
 k - a +0 pair of boots (worn)
 G - a +2 ring mail of poison resistance (worn) {rPois}
 J - a +0 pair of gloves (worn)
 L - a +2 cloak (worn)
 S - a +0 helmet (worn)
Jewellery
 m - the ring of Uvom (right hand) {AC+4 SInv}
   (You took it off an orc priest on level 10 of the Dungeon)

   [ring of protection]

   It affects your AC (+4).
   It lets you see invisible.
 C - the amulet of the Air {Inacc +Fly rElec EV+5 RMsl}
   (You found it on level 6 of the Dungeon)

   [amulet of inaccuracy]

   It reduces the accuracy of all your attacks.
   It affects your evasion (+5).
   It insulates you from electricity.
   It lets you fly.
   It protects you from missiles.
 H - a +6 ring of strength (left hand)
 P - an uncursed ring of fire {rF+, rC-}
 R - an uncursed amulet of reflection
 U - an uncursed amulet of magic regeneration
 V - the amulet "Tukud" (around neck) {rN+ Regen+ Str+4 Stlth+}
   (You found it on level 9 of the Dungeon)

   [amulet of regeneration]

   It affects your strength (+4).
   It protects you from negative energy.
   It increases your rate of regeneration.
   It makes you more stealthy.
Wands
 r - a wand of charming (10)
 v - a wand of paralysis (1)
 x - a wand of polymorph (17)
 D - a wand of digging (10)
 K - a wand of mindburst (10)
 M - a wand of iceblast (6)
 X - a wand of acid (9)
Scrolls
 c - a scroll of holy word {unknown}
 d - a scroll of immolation {unknown}
 j - 7 scrolls of amnesia
 l - a scroll of blinking {unknown}
 p - a scroll of enchant armour {unknown}
 s - 7 scrolls of remove curse
 t - 6 scrolls of teleportation
 E - 3 scrolls of enchant weapon
Potions
 e - a potion of attraction {!q}
 f - 2 potions of berserk rage {!q}
 g - 5 potions of haste
 h - 2 potions of lignification {!q}
 n - 4 potions of heal wounds
 q - 6 potions of curing
 u - a potion of cancellation
 w - 3 potions of flight
 y - 3 potions of degeneration {unknown}
 z - 2 potions of ambrosia
 A - 3 potions of brilliance
 F - a potion of might {unknown}
 W - a potion of invisibility
Miscellaneous
 I - a condenser vane (inert)


   Skills:
 - Level 4.0 Fighting
 * Level 16.5 Long Blades
 - Level 3.0 Armour
 - Level 3.0 Dodging
 - Level 1.7 Stealth
 - Level 3.0 Spellcasting
 - Level 3.0 Conjurations
 - Level 3.0 Summonings
 - Level 3.0 Translocations
 - Level 11.0 Ice Magic
 - Level 3.0 Air Magic
 - Level 3.0 Poison Magic
 - Level 5.0 Evocations


You had 2 spell levels left.
You knew the following spells:

 Your Spells              Type           Power        Failure   Level
a - Freeze                Ice            100%         1%          1
b - Frozen Ramparts       Ice            70%          1%          3
c - Hailstorm             Conj/Ice       23%          17%         4
e - Call Imp              Summ           11%          14%         2
p - Blink                 Tloc           N/A          14%         2
x - Mephitic Cloud        Conj/Pois/Air  11%          26%         3

Your spell library contained the following spells:

 Spells                   Type           Power        Failure   Level
 Magic Dart               Conj           44%          9%          1
 Foxfire                  Conj/Fire      24%          17%         1
 Slow                     Hex            2%           43%         2
 Ozocubu's Armour         Ice            35%          1%          3
 Summon Ice Beast         Ice/Summ       23%          17%         4
 Gell's Gravitas          Tloc           5%           26%         3
 Conjure Flame            Conj/Fire      6%           45%         3
 Metabolic Englaciation   Hex/Ice        9%           65%         5
 Confusing Touch          Hex            2%           67%         3
 Inner Flame              Hex/Fire       2%           67%         3
 Sticky Flame             Conj/Fire      6%           86%         4
 Petrify                  Tmut/Erth      2%           97%         4
 Fireball                 Conj/Fire      3%           99%         5
 Yara's Violent Unravell  Hex/Tmut       1%           100%        5


Dungeon Overview and Level Annotations

Branches:
Dungeon (12/15)            Temple (1/1) D:7            Lair (0/6) D:11
    Orc (0/2) D:9           Sewer (visited)         Gauntlet (1/1)

Altars:
Ashenzari
Cheibriados
Dithmenos
Elyvilon
Fedhas
Gozag
Hepliaklqana
Kikubaaqudgha
Makhleb
Nemelex Xobeh
Okawaru
Qazlal
Ru
Sif Muna
Trog
Uskayaw
Vehumet
Wu Jian
Xom
Yredelemnul
Zin
The Shining One

Shops:
D:4 :*[(   D:6 :=

Annotations:
Gauntlet 13 transporters


Innate Abilities, Weirdness & Mutations

You can be seen from farther away. (+LOS)
You can swim through water.
You cover ground slowly.
You can hop short distances.


Message History

The shard of ice misses you.
You hit the ice statue. The ice statue gestures at you.
The freezing blast misses you.
You hit the ice statue but do no damage.
You are engulfed in freezing vapours.
* * * LOW HITPOINT WARNING * * *
Your magical contamination has completely faded away.
You take 14 damage, and have 26/83 hp.
Unknown command.
You slice the ice statue!!
You destroy the ice statue!
You are engulfed in freezing vapours.
* * * LOW HITPOINT WARNING * * *
You take 21 damage, and have 5/83 hp.
MASSIVE DAMAGE!!
Hop to where?
Press: ? - help, Dir - move target Boing!
You are engulfed in freezing vapours.
You die...

.?.©=).Y#...##........#...#......
.##.##Y##...#©###.##..#...#.....#
.##.##.##...###....##.#...##...^#
......Y##.####.####.#.###.#^##©#.
##.##.###.#©#.##.©.##.#©#.#..^###
##©##.#.#.#.#○#.####.##.#.#....#.
....#...#.#.#.##....###.#.#...#^.
#.##.##.#.#.#..######○#.#.#...#..
#.##.#.Y#.#.#...@§°☼○☼#.#.#..#.©.
###########.###########.#########
..#©........#≈§≈§8≈≈§≈#........©#
..#########.###########.#########
..........#.######..###.#........
..........#.#.#..#..#.#.#........
########..#.##..#..##.#.#..######
#8# #8#..#.#.###..#.##.#..#8# #8
### ###..#©#©.####.###©#..### ##


There were no monsters in sight!

Levels and vault maps discovered:
D:1:      minmay_arrival_wavy_path, layout_loops_ring
D:2:      layout_loops_ring, grunt_gozag_statues, minmay_lizard_king
D:3:      minmay_bubble_buster, layout_loops_ring, gup_sewer_entry_glass,
          uniq_natasha
D:4:      minmay_chambers_of_fours, layout_basic,
          gammafunk_temple_overflow_claw, general_overflow_altar,
          nicolae_overflow_hidden_temple, serial_shops, shop_fountains,
          nicolae_shop_temple_entry_statues_fountains,
          nicolae_shop_behind_doors, shop, uniq_ijyb
D:5:      layout_loops_cross, vehumet_crystals, serial_bayou_pond_a,
          uniq_grinder, uniq_duvessa, uniq_eustachio, uniq_menkaure
D:6:      kennysheep_spiral_hall, layout_basic, serial_shops, shop,
          minmay_shop_enchanted_jewellery, uniq_crazy_yiuf_cottage
D:7:      layout_loops_cross, minmay_temple_entry_hall,
          kennysheep_generic_room_9, uniq_harold, uniq_joseph
D:8:      layout_basic, nicolae_overflow_crystal_walls
D:9:      layout_roguey, kennysheep_mini_moat, orc_0_dummy
D:10:     layout_loops_ring, chequers_mini_garden
D:11:     layout_roguey, dpeg_lair_monsters, serial_curves, eino_curves_04,
          eino_curves_01
D:12:     layout_stronghold, gauntlet_entry_generic
Temple:   dshaligram_water_room_temple
Gauntlet: gammafunk_gauntlet_branching [nicolae_gauntlet_arena_t_cross,
          nicolae_gauntlet_swirl, nicolae_gauntlet_arena_flowing_pool,
          gammafunk_gauntlet_arena_split_diamond,
          gammafunk_gauntlet_arena_spirals, gammafunk_gauntlet_arena_mazey,
          nicolae_gauntlet_arena_x, gammafunk_gauntlet_arena_crates,
          gauntlet_exit_spiral]

Notes
Turn   | Place    | Note
-------+----------+-------------------------------------------
     0 | D:1      | puppykicker the Barachi Ice Elementalist began the quest
                  | for the Orb.
     0 | D:1      | Reached XP level 1. HP: 13/13 MP: 3/3
    39 | D:1      | Identified a +0 cloak (You found it on level 1 of the
                  | Dungeon)
    56 | D:1      | Identified a +0 whip (You found it on level 1 of the
                  | Dungeon)
    91 | D:1      | Identified a cursed -3 dagger
   167 | D:1      | Reached skill level 5 in Ice Magic
   168 | D:1      | Reached XP level 2. HP: 18/20 MP: 1/5
   404 | D:1      | Identified an uncursed amulet of regeneration (You found it
                  | on level 1 of the Dungeon)
   404 | D:1      | Identified a ring of teleportation (You found it on level 1
                  | of the Dungeon)
   423 | D:1      | Reached skill level 1 in Fighting
   561 | D:1      | Identified a +0 pair of boots (You found it on level 1 of
                  | the Dungeon)
  1004 | D:1      | Identified a +0 hand axe (You found it on level 1 of the
                  | Dungeon)
  1201 | D:2      | Identified a +0 club
  1209 | D:2      | Found an opulent altar of Gozag.
  1214 | D:2      | Identified 2 scrolls of amnesia
  1344 | D:2      | Identified a +0 long sword (You found it on level 2 of the
                  | Dungeon)
  1373 | D:2      | Identified a cursed +0 short sword
  1373 | D:2      | Identified a +0 ring mail
  1382 | D:2      | Reached skill level 1 in Armour
  1382 | D:2      | Reached XP level 3. HP: 26/26 MP: 6/6
  1430 | D:2      | Identified a +0 club
  1455 | D:2      | Identified a +0 whip
  1457 | D:2      | Reached skill level 1 in Long Blades
  1524 | D:2      | HP: 3/26 [worm (10)]
  1913 | D:2      | Learned a level 3 spell: Frozen Ramparts
  1951 | D:3      | Noticed Natasha
  1960 | D:3      | Reached XP level 4. HP: 27/32 MP: 3/7
  1963 | D:3      | Killed Natasha
  1998 | D:3      | Identified a +0 club
  2030 | D:3      | Identified 2 scrolls of teleportation
  2076 | D:3      | Identified a +0 hand axe
  2077 | D:3      | Identified a +0 whip
  2077 | D:3      | Identified a +0 club
  2077 | D:3      | Identified a +0 leather armour
  2092 | D:3      | Reached skill level 2 in Fighting
  2092 | D:3      | Reached skill level 2 in Long Blades
  2092 | D:3      | Reached XP level 5. HP: 38/38 MP: 1/8
  2255 | D:3      | Identified 3 scrolls of identify
  2255 | D:3      | Identified 2 potions of haste
  2256 | D:3      | Identified a potion of curing
  2257 | D:3      | Identified a potion of heal wounds
  2258 | D:3      | Identified 2 scrolls of remove curse
  2374 | D:3      | Found a glowing drain.
  2425 | Sewer    | Entered a sewer
  2431 | Sewer    | Reached skill level 2 in Armour
  2431 | Sewer    | Reached skill level 6 in Ice Magic
  2555 | Sewer    | Identified a +0 club
  2555 | Sewer    | Noticed a big kobold
  2581 | Sewer    | Killed a big kobold
  2582 | Sewer    | Reached skill level 3 in Long Blades
  2582 | Sewer    | Reached skill level 3 in Dodging
  2582 | Sewer    | Reached XP level 6. HP: 32/46 MP: 5/9
  2627 | Sewer    | Found a white marble altar of Elyvilon.
  2708 | D:3      | Identified a +0 leather armour (You found it on level 3 of
                  | the Dungeon)
  2873 | D:3      | Noticed Natasha
  2883 | D:3      | Killed Natasha
  2917 | D:3      | Identified a +0 club
  2932 | D:3      | Identified a +0 dagger
  2932 | D:3      | Identified a cursed -3 club
  2998 | D:3      | Identified 2 potions of flight
  3004 | D:3      | Identified a +0 club
  3021 | D:3      | Identified a +0 mace
  3207 | D:4      | Found Cetat's Antique Weapon Boutique.
  3209 | D:4      | Identified a +1 dagger of draining
  3209 | D:4      | Identified a +0 chain mail
  3209 | D:4      | Noticed Ijyb
  3224 | D:4      | Killed Ijyb
  3265 | D:4      | Bought a scimitar for 120 gold pieces
  3266 | D:4      | Identified a +0 scimitar (You bought it in a shop on level
                  | 4 of the Dungeon)
  3271 | D:4      | Found Guovor's Armour Shoppe.
  3282 | D:4      | Identified a cursed -3 whip
  3308 | D:4      | You fall into a shaft and drop 2 floors!
  3308 | D:6      | Found Qiqobet's Jewellery Emporium.
  3318 | D:6      | Reached skill level 3 in Fighting
  3318 | D:6      | Reached skill level 4 in Long Blades
  3471 | D:6      | Identified a cursed -1 dagger
  3471 | D:6      | Identified a +0 robe
  3485 | D:6      | Reached XP level 7. HP: 27/52 MP: 8/10
  3584 | D:6      | Reached skill level 3 in Armour
  3640 | D:6      | Identified a +0 hand crossbow (You found it on level 6 of
                  | the Dungeon)
  3654 | D:6      | HP: 12/52 [white imp (4)]
  3754 | D:6      | Found the amulet of the Air {Inacc +Fly rElec EV+5 RMsl}
  3818 | D:6      | Reached skill level 7 in Ice Magic
  4022 | D:6      | Found Teciup's Book Shoppe.
  4052 | D:6      | Found a runed translucent door.
  4053 | D:6      | Identified a +4 quarterstaff of chaos
  4053 | D:6      | Identified a +2 cloak
  4053 | D:6      | Noticed Crazy Yiuf
  4060 | D:6      | Killed Crazy Yiuf
  4142 | D:5      | Entered Level 5 of the Dungeon
  4142 | D:5      | Noticed Grinder
  4149 | D:5      | Identified a +0 short sword
  4149 | D:5      | Identified a +0 leather armour
  4149 | D:5      | Noticed Duvessa
  4152 | D:5      | Killed Grinder
  4153 | D:5      | Reached skill level 5 in Long Blades
  4154 | D:5      | Killed Duvessa
  4155 | D:5      | Reached skill level 4 in Fighting
  4155 | D:5      | Reached XP level 8. HP: 60/60 MP: 7/11
  4165 | D:5      | Identified a +0 dagger
  4165 | D:5      | Identified a +2 robe of cold resistance
  4165 | D:5      | Noticed Dowan
  4190 | D:5      | Killed Dowan
  4191 | D:5      | Reached skill level 6 in Long Blades
  4191 | D:5      | Reached skill level 8 in Ice Magic
  4307 | D:5      | Identified a +0 giant club
  4316 | D:5      | HP: 12/60 [ogre/+0 giant club (20)]
  4454 | D:5      | Identified a +0 rapier
  4454 | D:5      | Identified a +0 leather armour
  4454 | D:5      | Noticed Eustachio
  4480 | D:5      | Killed Eustachio
  4603 | D:5      | Reached skill level 7 in Long Blades
  4641 | D:5      | Found a radiant altar of Vehumet.
  4730 | D:5      | Noticed Menkaure
  4773 | D:5      | HP: 7/60 [Menkaure (20)]
  4775 | D:5      | Killed Menkaure
  4776 | D:5      | Reached skill level 9 in Ice Magic
  4904 | D:5      | Identified a potion of lignification
  5055 | D:6      | Bought a book of Minor Magic for 200 gold pieces
  5058 | D:6      | Learned a level 2 spell: Blink
  5061 | D:6      | Learned a level 2 spell: Call Imp
  5066 | D:6      | Learned a level 4 spell: Hailstorm
  5253 | D:5      | Identified 2 potions of berserk rage
  5359 | D:4      | Identified a +0 vorpal flail
  5359 | D:4      | Identified a +0 leather armour
  5359 | D:4      | Identified a cursed -1 dagger
  5359 | D:4      | Identified a +0 dagger
  5359 | D:4      | Identified a +0 robe
  5361 | D:4      | Found a hide-covered altar of Uskayaw.
  5466 | D:4      | Identified a potion of ambrosia
  5571 | D:4      | Identified a +0 mace
  5571 | D:4      | Identified a +0 flail
  5615 | D:4      | Identified a ring of strength (You found it on level 4 of
                  | the Dungeon)
  5658 | D:4      | Found Xukete's General Store.
  5698 | D:4      | Bought a +0 pair of gloves for 54 gold pieces
  5777 | D:4      | Identified a +0 club
  5780 | D:4      | Found Qomuamez's Book Shoppe.
  5792 | D:4      | Identified a +1 hat (You found it on level 4 of the
                  | Dungeon)
  5805 | D:4      | Identified a +0 hand axe
  5808 | D:4      | Identified a +0 club
  5808 | D:4      | Identified a cursed +0 leather armour
  5867 | D:4      | Identified a +0 flail
  5867 | D:4      | Identified a +0 leather armour
  5880 | D:4      | Found a burning altar of Makhleb.
  5880 | D:4      | Found a blossoming altar of Fedhas.
  5881 | D:4      | Found an iron altar of Okawaru.
  6086 | D:4      | Reached skill level 8 in Long Blades
  6086 | D:4      | Reached skill level 1 in Conjurations
  6086 | D:4      | Reached skill level 1 in Summonings
  6102 | D:4      | Reached XP level 9. HP: 61/65 MP: 9/13
  6221 | D:4      | Found a hazy altar of Hepliaklqana.
  6569 | D:7      | Identified 2 scrolls of magic mapping
  6570 | D:7      | Identified 2 scrolls of noise
  6571 | D:7      | Identified 4 scrolls of enchant weapon
  6803 | D:7      | Identified a +0 quarterstaff
  6803 | D:7      | Identified a +0 hunting sling
  6803 | D:7      | Identified a +2 ring mail of poison resistance
  6803 | D:7      | Noticed Joseph
  6833 | D:7      | Identified a potion of cancellation
  6846 | D:7      | Killed Joseph
  6847 | D:7      | Reached skill level 3 in Spellcasting
  6847 | D:7      | Reached skill level 1 in Translocations
  6993 | D:7      | Identified a +1 hat (You found it on level 7 of the
                  | Dungeon)
  7013 | D:7      | Identified a potion of attraction
  7057 | D:7      | Reached skill level 2 in Summonings
  7144 | D:7      | Found a staircase to the Ecumenical Temple.
  7150 | Temple   | Entered the Ecumenical Temple
  7280 | D:7      | Identified a ring of fire (You found it on level 7 of the
                  | Dungeon)
  7295 | D:7      | Identified a +0 trident
  7295 | D:7      | Identified a +0 scale mail
  7295 | D:7      | Noticed Harold
  7315 | D:7      | Killed Harold
  7316 | D:7      | Reached skill level 9 in Long Blades
  7316 | D:7      | Reached skill level 2 in Conjurations
  7316 | D:7      | Reached skill level 3 in Summonings
  7316 | D:7      | Reached skill level 2 in Translocations
  7316 | D:7      | Reached skill level 10 in Ice Magic
  7489 | D:8      | Identified a ring of positive energy (You found it on level
                  | 8 of the Dungeon)
  7621 | D:8      | Found a sparkling altar of Nemelex Xobeh.
  7652 | D:8      | Identified a +0 helmet (You found it on level 8 of the
                  | Dungeon)
  7681 | D:8      | Reached skill level 3 in Conjurations
  7729 | D:8      | Identified a +0 hand axe
  7730 | D:8      | Identified a +0 short sword
  7730 | D:8      | Identified a +0 plate armour
  7731 | D:8      | Identified a +0 club
  7731 | D:8      | Identified a +0 leather armour
  7747 | D:8      | Reached skill level 3 in Translocations
  7837 | D:8      | Identified a +0 whip
  7838 | D:8      | Identified a +0 short sword
  7838 | D:8      | Identified a +0 plate armour
  7840 | D:8      | Identified a +0 dagger
  7840 | D:8      | Identified a +0 robe
  7850 | D:8      | Reached XP level 10. HP: 57/71 MP: 9/14
  7851 | D:8      | Reached skill level 11 in Ice Magic
  8279 | D:9      | Reached skill level 10 in Long Blades
  8421 | D:9      | Identified a cursed +0 flail
  8454 | D:9      | Identified a +0 ring mail
  8496 | D:9      | Identified 3 potions of brilliance
  8510 | D:9      | Found a staircase to the Orcish Mines.
  8679 | D:9      | Identified a +0 shortbow
  8711 | D:9      | Identified an uncursed amulet of magic regeneration (You
                  | found it on level 9 of the Dungeon)
  8737 | D:9      | Got a smoking sapphire amulet
  8783 | D:9      | Identified the amulet "Tukud" {rN+ Regen+ Str+4 Stlth+}
                  | (You found it on level 9 of the Dungeon)
  8823 | D:9      | Identified an uncursed amulet of reflection (You found it
                  | on level 9 of the Dungeon)
  8881 | D:9      | Found an ornate altar of the Wu Jian Council.
  8883 | D:9      | Identified a +0 mace
  8890 | D:9      | Identified a +0 hand axe
  8890 | D:9      | Identified a +0 chain mail
  8891 | D:9      | Identified a +0 flail
  8891 | D:9      | Identified a +0 leather armour
  8892 | D:9      | Identified a +0 hand axe
  8892 | D:9      | Identified a +0 ring mail
  8898 | D:9      | Reached skill level 11 in Long Blades
  8899 | D:9      | Became a worshipper of the Wu Jian Council
  8905 | D:9      | Identified a +1 hand axe of flaming
  8905 | D:9      | Identified a +0 leather armour
  8916 | D:9      | Identified a +0 trident
  8916 | D:9      | Identified a +0 leather armour
  8919 | D:9      | Identified a +0 ring mail
  8938 | D:9      | Identified a +0 whip
  9178 | D:10     | Entered Level 10 of the Dungeon
  9201 | D:10     | Identified a +0 mace
  9201 | D:10     | Identified a +0 leather armour
  9205 | D:10     | Identified a cursed +0 long sword
  9205 | D:10     | Identified a +0 robe
  9248 | D:10     | Identified a +2 short sword
  9248 | D:10     | Identified a +0 robe
  9252 | D:10     | Identified a +0 dagger
  9253 | D:10     | Identified a cursed +2 war axe
  9253 | D:10     | Identified a +0 robe
  9254 | D:10     | Identified a +0 giant club
  9254 | D:10     | Identified a +0 giant club
  9254 | D:10     | Noticed a two-headed ogre
  9256 | D:10     | Identified a +2 war axe
  9256 | D:10     | Identified a +0 robe
  9257 | D:10     | Identified a +3 short sword
  9257 | D:10     | Identified a +0 robe
  9276 | D:10     | Killed a two-headed ogre
  9277 | D:10     | Reached skill level 12 in Long Blades
  9288 | D:10     | Reached * piety under Wu Jian
  9382 | D:10     | Identified a +0 glaive
  9382 | D:10     | Identified a +0 plate armour
  9382 | D:10     | Identified a +0 dagger
  9382 | D:10     | Identified a +0 robe
  9382 | D:10     | Identified a +0 mace
  9456 | D:10     | Identified 2 scrolls of random uselessness
  9489 | D:10     | Identified a +0 dagger
  9489 | D:10     | Identified the ring of Uvom {AC+4 SInv}
  9492 | D:10     | Identified a +0 whip
  9492 | D:10     | Identified a +0 leather armour
  9514 | D:10     | Learned a level 3 spell: Mephitic Cloud
  9522 | D:10     | Identified a +0 shortbow
  9538 | D:10     | Identified a +0 giant club
  9543 | D:10     | Reached skill level 13 in Long Blades
  9551 | D:10     | Reached skill level 1 in Air Magic
  9551 | D:10     | Reached skill level 1 in Poison Magic
  9646 | D:10     | Identified a +4 great sword of freezing
  9646 | D:10     | Identified a +0 robe
  9647 | D:10     | Identified a +2 hand axe of freezing
  9647 | D:10     | Identified a +0 robe
  9647 | D:10     | Identified a cursed +6 flail
  9647 | D:10     | Identified a +0 robe
  9647 | D:10     | Identified a cursed +5 great sword of freezing
  9647 | D:10     | Identified a +0 robe
  9647 | D:10     | Identified a cursed +0 dagger
  9647 | D:10     | Identified a +0 robe
  9667 | D:10     | Reached skill level 1 in Evocations
  9667 | D:10     | Reached XP level 11. HP: 67/77 MP: 12/15
  9671 | D:10     | Reached skill level 2 in Air Magic
  9671 | D:10     | Reached skill level 2 in Poison Magic
  9700 | D:10     | Identified 2 potions of invisibility
 10509 | D:11     | Noticed a green ugly thing
 10509 | D:11     | Identified a +0 giant club
 10516 | D:11     | Killed a green ugly thing
 10517 | D:11     | Reached skill level 2 in Evocations
 10547 | D:11     | Identified a +0 whip
 10731 | D:11     | Noticed a death yak
 10732 | D:11     | Noticed a death yak
 10732 | D:11     | Noticed a death yak
 10743 | D:11     | Killed a death yak
 10744 | D:11     | Reached skill level 3 in Air Magic
 10744 | D:11     | Reached skill level 3 in Poison Magic
 10745 | D:11     | Killed a death yak
 10745 | D:11     | Reached ** piety under Wu Jian
 10746 | D:11     | Reached skill level 14 in Long Blades
 10746 | D:11     | Reached skill level 3 in Evocations
 10753 | D:11     | Killed a death yak
 10767 | D:11     | Found a staircase to the Lair.
 10835 | D:11     | Reached skill level 4 in Evocations
 10847 | D:11     | Identified a +0 giant spiked club
 10847 | D:11     | Identified a +0 giant club
 10847 | D:11     | Noticed a two-headed ogre
 10851 | D:11     | Killed a two-headed ogre
 10956 | D:11     | Identified a +0 giant club
 11306 | D:11     | Identified a +0 trident
 11306 | D:11     | Identified a cursed +0 robe
 11306 | D:11     | Identified a +0 falchion
 11306 | D:11     | Identified a +0 robe
 11307 | D:11     | Identified a cursed +0 falchion
 11307 | D:11     | Identified a +0 robe
 11307 | D:11     | Identified a +2 long sword of freezing
 11307 | D:11     | Identified a +0 robe
 11307 | D:11     | Identified a +0 halberd
 11307 | D:11     | Identified a +0 robe
 11385 | D:11     | Identified a +0 war axe
 11385 | D:11     | Identified a +0 robe
 11386 | D:11     | Identified a +0 dagger
 11386 | D:11     | Identified a +0 robe
 11386 | D:11     | Identified a +0 halberd
 11386 | D:11     | Identified a +0 chain mail
 11387 | D:11     | Identified a +0 hand axe
 11550 | D:11     | Reached skill level 5 in Evocations
 11553 | D:11     | Reached skill level 15 in Long Blades
 11738 | D:12     | Noticed a white ugly thing
 11742 | D:12     | Killed a white ugly thing
 11775 | D:12     | Identified a +0 shortbow
 11813 | D:12     | Identified a +0 giant club
 11813 | D:12     | Identified a +0 giant club
 11813 | D:12     | Noticed a two-headed ogre
 11821 | D:12     | Killed a two-headed ogre
 11822 | D:12     | Reached XP level 12. HP: 61/83 MP: 16/16
 11904 | D:12     | Identified a +0 short sword
 11906 | D:12     | Identified a +0 giant club
 11906 | D:12     | Identified a +0 giant club
 11906 | D:12     | Noticed a two-headed ogre
 11916 | D:12     | Killed a two-headed ogre
 11917 | D:12     | Reached skill level 16 in Long Blades
 11969 | D:12     | Found a gate leading to a gauntlet.
 11975 | D:12     | Identified a +0 short sword
 11975 | D:12     | Identified a +0 club
 11975 | D:12     | Identified a +0 leather armour
 11975 | D:12     | Identified a +0 whip
 11975 | D:12     | Identified a +0 trident
 11978 | D:12     | Reached *** piety under Wu Jian
 11992 | Gauntlet | Entered a Gauntlet
 11992 | Gauntlet | Found a transporter.
 11992 | Gauntlet | Found a transporter.
 11997 | Gauntlet | Found a transporter.
 12012 | Gauntlet | Found a transporter.
 12012 | Gauntlet | Found a transporter.
 12028 | Gauntlet | Found a transporter.
 12042 | Gauntlet | Found a transporter.
 12047 | Gauntlet | Found a transporter.
 12047 | Gauntlet | Noticed a seven-headed hydra
 12116 | Gauntlet | Found a transporter.
 12128 | Gauntlet | Found a transporter.
 12128 | Gauntlet | Found a transporter.
 12144 | Gauntlet | Found a transporter.
 12158 | Gauntlet | Found a transporter.
 12244 | Gauntlet | Found a transporter.
 12252 | Gauntlet | Noticed a dire elephant
 12254 | Gauntlet | Found a transporter.
 12254 | Gauntlet | Found a transporter.
 12354 | Gauntlet | HP: 20/83 [ice statue/shard of ice (23)]
 12355 | Gauntlet | HP: 3/83 [something] (17)]
 12709 | Gauntlet | HP: 11/83 [something] (26)]
 12970 | Gauntlet | HP: 5/83 [something (21)]
 12971 | Gauntlet | Engulfed by a cloud of freezing vapour

Table legend: (Time is in decaauts)
 A = Elapsed time spent in this place.
 B = Non-inter-level travel time spent in this place.
 C = Inter-level travel time spent in this place.
 D = Time resting spent in this place.
 E = Time spent auto-exploring this place.
 F = Levels seen in this place.
 G = Mean time per level.
                   A        B        C        D        E       F      G
               +--------+--------+--------+--------+--------+-----+--------+
         Total |  14886 |  13012 |   1874 |   2100 |   7849 |  15 |  992.4 |
       Dungeon |  13417 |  11563 |   1854 |   1589 |   7337 |  12 | 1118.1 |
        Temple |    121 |    101 |     20 |      0 |    100 |   1 |  121.0 |
         Sewer |    273 |    273 |      0 |     68 |     96 |   1 |  273.0 |
      Gauntlet |   1074 |   1074 |      0 |    443 |    314 |   1 | 1074.0 |
               +--------+--------+--------+--------+--------+-----+--------+

Top non-repeatable levels by time:
     D:5: 1582 daAuts
     D:4: 1455 daAuts
     D:1: 1331 daAuts
     D:3: 1180 daAuts
     D:7: 1167 daAuts
     D:9: 1164 daAuts
    D:10: 1124 daAuts
    D:11: 1091 daAuts
Gauntlet: 1074 daAuts
     D:8: 1036 daAuts
     D:6: 1035 daAuts
     D:2: 929 daAuts
    D:12: 319 daAuts
   Sewer: 273 daAuts
  Temple: 121 daAuts

Table legend:
 A = Kills in this place as a percentage of kills in entire the game.
 B = Kills by you in this place as a percentage of kills by you in the entire game.
 C = Kills by friends in this place as a percentage of kills by friends in the entire game.
 D = Other kills in this place as a percentage of other kills in the entire game.
 E = Experience gained in this place as a percentage of experience gained in the entire game.
 F = Experience gained in this place divided by the number of levels of this place that you have seen.
                   A       B       C       D       E      F
               +-------+-------+-------+-------+-------+----------------------
         Total | 100.0 | 100.0 |   N/A |   N/A | 100.0 | 1448.2
       Dungeon |  95.6 |  95.6 |   N/A |   N/A |  91.9 | 1663.7
         Sewer |   3.1 |   3.1 |   N/A |   N/A |   0.6 | 139.0
      Gauntlet |   1.4 |   1.4 |   N/A |   N/A |   7.5 | 1620.0
               +-------+-------+-------+-------+-------+----------------------

Skill      XL: |  1  2  3  4  5  6  7  8  9 10 11 12 |
---------------+-------------------------------------+-----
Ice Magic      | 5 6 7 9 10 11 | 11.0
Fighting       | 1 2 3 4 |  4.0
Armour         | 1 2 3 |  3.0
Long Blades    | 1 2 3 4 5 8 9 13 15 16 | 16.5
Dodging        | 3 |  3.0
Conjurations   | 1 3 |  3.0
Summonings     | 1 3 |  3.0
Spellcasting   | 3 |  3.0
Translocations | 3 |  3.0
Air Magic      | 1 3 |  3.0
Poison Magic   | 1 3 |  3.0
Evocations     | 1 5 |  5.0
Stealth        | |  1.7

Action                   |  1- 3 |  4- 6 |  7- 9 | 10-12 || total
-------------------------+-------+-------+-------+-------++-------
Melee: Whip              |    45 |       |       |       ||    45
       Hand axe          |    12 |       |       |       ||    12
       Long sword        |    44 |   100 |       |       ||   144
       Scimitar          |       |    18 |   150 |   155 ||   323
       Great sword       |       |       |       |   176 ||   176
 Fire: Hand crossbow     |       |       |    28 |     3 ||    31
Throw: Boomerang         |       |     1 |     9 |     1 ||    11
       Javelin           |       |       |       |     3 ||     3
       Throwing net      |       |       |       |     1 ||     1
 Cast: Freeze            |    26 |    28 |    36 |    26 ||   116
       Frozen Ramparts   |       |     4 |    20 |    21 ||    45
       Hailstorm         |       |       |       |     4 ||     4
       Mephitic Cloud    |       |       |       |     2 ||     2
Invok: Lunge             |       |       |       |    21 ||    21
       Whirlwind         |       |       |       |     8 ||     8
 Abil: Hop               |       |       |       |     5 ||     5
       Wall Jump         |       |       |       |     4 ||     4
Evoke: Wand              |       |       |    14 |     3 ||    17
       Condenser vane    |       |       |       |     1 ||     1
  Use: Scroll            |     1 |     6 |     8 |     6 ||    21
       Potion            |       |       |     2 |     1 ||     3
 Stab: Sleeping          |     1 |     2 |     2 |     7 ||    12
       Paralysed         |       |       |     8 |       ||     8
       Invisible         |       |       |       |     1 ||     1
Armor: Robe              |    43 |     9 |     7 |       ||    59
       Leather armour    |       |    21 |    34 |       ||    55
       Ring mail         |       |       |    15 |   145 ||   160
Dodge: Dodged            |    96 |   116 |    99 |   221 ||   532
       Rpst.: Long sword |    13 |    35 |       |       ||    48
       Scimitar          |       |     4 |    34 |    26 ||    64
       Great sword       |       |       |       |    19 ||    19

Vanquished Creatures
  Harold (D:7)
  4 two-headed ogres
  3 death yaks (D:11)
  2 ugly things
  2 ice statues (Gauntlet)
  Joseph (D:7)
  2 rime drakes (Gauntlet)
  2 trolls
  A hornet (D:10)
  Grinder (D:5)
  A wraith (D:12)
  A vampire (D:11)
  3 yaks (D:11)
  Eustachio (D:5)
  Menkaure (D:5)
  Duvessa (D:5)
  A sky beast (D:9)
  A water moccasin (D:11)
  2 ice beasts
  A black bear (D:10)
  5 orc warriors
  4 ogres
  3 centaurs
  2 phantoms
  2 big kobolds
  11 bullfrogs
  Dowan (D:5)
  3 scorpions
  20 killer bees
  15 wights
  A quasit (D:9)
  5 orc priests
  2 centaur skeletons
  4 jellies
  Crazy Yiuf (D:6)
  7 hounds
  2 iguanas
  3 bullfrog skeletons
  8 worker ants
  Ijyb (D:4)
  2 hell rats (D:11)
  6 orc wizards
  Natasha (twice) (D:3)
  A killer bee zombie (D:9)
  A hound zombie (D:10)
  A hound skeleton (D:5)
  9 adders
  2 river rats (Sewer)
  4 shadow imps
  5 white imps
  An ufetubus (D:9)
  An ooze (D:4)
  5 worms
  A dart slug (D:3)
  5 leopard geckos
  41 orcs
  7 giant cockroaches
  5 goblins
  6 hobgoblins
  13 jackals
  4 quokkas
  3 ball pythons
  A ball python skeleton (D:5)
  10 bats
  11 frilled lizards
  9 kobolds
  7 rats
295 creatures vanquished.

Vanquished Creatures (others)
  4 demonic plants (Gauntlet)
  3 fungi (D:6)
  5 plants
12 creatures vanquished.

Grand Total: 307 creatures vanquished
